Map: Triton LE

Players

Namshar

  • Race: Zerg Zerg
  • Spawn Location: 5:00

RiSky - Winner!

  • Race: Zerg Zerg
  • Spawn Location: 11:00

Event: IEM Katowice 2020

VOD

Have the link to the VOD?

Description

Time

  • Played on: Feb. 25, 2020, 6:37 a.m.
  • Length: 10:17

All games in this series

Show
View Real Time Build Order
Export as new Build Order

Namshar Zerg 

Build Orders: Hatch First, Lurkers, Roach Hydra 

Get SALT Encoding   

  12  0:00  Drone  
  13  0:12  Overlord  
  13  0:17  Drone  
  14  0:30  Drone x2  
  16  0:47  Hatchery  
  16  0:50  Drone  
  16  0:53  Drone  
  17  0:58  Drone  
  18  1:07  Extractor  
  17  1:12  Spawning Pool  
  17  1:15  Drone  
  17  1:18  Drone  
  18  1:27  Drone  
  19  1:38  Drone  
  20  1:49  Drone  
  21  1:58  Queen x2  
  21  2:00  Drone, Overlord  
  26  2:08  Metabolic Boost  
  26  2:09  Zergling x2  
  26  2:10  Drone  
  28  2:20  Drone  
  28  2:21  Zergling x2  
  30  2:32  Hatchery  
  30  2:33  Drone  
  30  2:35  Drone  
  31  2:43  Drone  
  33  2:44  Drone  
  33  2:48  Baneling Nest  
  32  2:55  Drone  
  33  3:01  Overlord  
  33  3:04  Drone x2  
  35  3:08  Drone  
  36  3:18  Overlord  
  36  3:19  Zergling x10  
  41  3:23  Queen  
  43  3:28  Overlord  
  43  3:32  Baneling x2  
  43  3:39  Baneling  
  43  3:46  Zergling x6  
  43  3:49  Baneling x2  
  43  3:59  Drone  
  43  4:00  Drone x6  
  43  4:01  Extractor  
  43  4:02  Zergling x4, Roach Warren  
  49  4:16  Drone  
  49  4:17  Drone, Overlord  
  51  4:22  Overlord x2  
  50  4:38  Overlord  
  50  4:42  Roach x8  
  66  4:51  Roach x2  
  70  4:55  Evolution Chamber  
  69  5:02  Roach  
  69  5:03  Roach  
  69  5:05  Drone  
  69  5:06  Drone x4  
  78  5:12  Drone x4  
  82  5:23  Drone x9  
  82  5:28  Lair  
  90  5:33  Drone  
  90  5:34  Drone x3  
  93  5:37  Overlord  
  93  5:41  Overlord  
  92  5:46  Ravager x2  
  92  5:48  Extractor  
  93  5:50  Extractor x3  
  93  5:52  Overlord  
  93  5:56  Drone  
  91  5:57  Drone x6  
  91  6:00  Drone  
  91  6:01  Drone x4  
  91  6:02  Drone  
  103  6:06  Drone  
  104  6:18  Overlord x2  
  104  6:21  Pneumatized Carapace  
  104  6:22  Evolution Chamber  
  104  6:25  Overseer  
  103  6:27  Glial Reconstitution  
  103  6:29  Zerg Missile Weapons Level 1  
  103  6:31  Overlord  
  103  6:33  Hatchery  
  103  6:37  Ravager x2  
  104  6:44  Overlord x3  
  104  6:54  Overseer  
  104  6:59  Zerg Ground Armor Level 1  
  104  7:00  Overlord  
  104  7:01  Overlord x3  
  104  7:03  Queen  
  106  7:14  Hydralisk Den, Drone  
  106  7:22  Drone, Queen x2  
  109  7:23  Spore Crawler  
  109  7:25  Drone x2  
  109  7:27  Spore Crawler  
  111  7:31  Drone  
  111  7:32  Drone  
  111  7:33  Spore Crawler, Overlord  
  111  7:35  Spore Crawler  
  111  7:37  Roach x5  
  121  7:44  Queen  
  121  7:48  Overlord  
  121  7:49  Overlord  
  121  7:50  Grooved Spines  
  123  7:53  Hydralisk  
  123  7:54  Hydralisk x5  
  135  8:02  Hydralisk x3  
  135  8:03  Hydralisk  
  143  8:05  Drone  
  143  8:06  Roach x2  
  143  8:08  Lurker Den  
  143  8:11  Ravager  
  143  8:12  Roach  
  150  8:13  Roach x3  
  155  8:32  Roach  
  155  8:33  Roach x6  
  167  8:44  Overseer  
  167  8:49  Overlord  
  167  8:50  Hydralisk x3  
  167  8:52  Roach  
  167  8:53  Roach x3  
  181  9:00  Extractor  
  181  9:01  Drone x2, Muscular Augments  
  181  9:02  Extractor, Overlord x2  
  181  9:03  Ravager x2  
  183  9:20  Lurker x2  
  183  9:25  Lurker x2  
  183  9:33  Roach  
  183  9:34  Roach x6  
  164  9:40  Roach x6  
  140  9:48  Roach x7  
Show
View Real Time Build Order
Export as new Build Order

RiSky Zerg - Winner!

Build Orders: Hatch First, Muta Ling Bane 

Get SALT Encoding   

  12  0:00  Drone  
  13  0:12  Overlord  
  13  0:16  Drone  
  14  0:30  Drone x2  
  16  0:46  Hatchery  
  15  0:51  Drone  
  15  0:54  Drone  
  17  0:58  Drone  
  18  1:09  Extractor  
  17  1:13  Spawning Pool  
  17  1:16  Drone  
  17  1:19  Drone  
  18  1:27  Drone  
  19  1:38  Drone  
  20  1:49  Drone  
  21  1:59  Overlord  
  21  2:00  Zergling x2, Queen x2  
  26  2:08  Metabolic Boost  
  26  2:10  Drone  
  26  2:11  Drone  
  28  2:20  Drone  
  28  2:21  Drone  
  30  2:32  Hatchery  
  30  2:34  Drone  
  30  2:37  Zergling x2  
  30  2:42  Overlord  
  30  2:43  Zergling x2  
  32  2:52  Zergling x2  
  32  2:56  Zergling x2  
  33  3:05  Zergling x4  
  35  3:09  Zergling x4  
  37  3:15  Zergling x4  
  37  3:17  Roach Warren  
  37  3:18  Overlord  
  38  3:24  Zergling x4  
  40  3:27  Overlord  
  40  3:35  Overlord  
  40  3:39  Drone x2  
  42  3:44  Drone  
  43  3:49  Drone x2  
  43  3:53  Drone x2  
  43  3:54  Drone  
  45  3:59  Roach x2  
  49  4:05  Roach  
  49  4:07  Roach  
  49  4:08  Roach x2  
  56  4:11  Overlord  
  56  4:13  Drone  
  56  4:15  Drone  
  58  4:20  Drone  
  58  4:24  Drone x2  
  61  4:27  Drone  
  61  4:28  Extractor  
  61  4:29  Extractor  
  60  4:35  Drone x2  
  60  4:36  Lair  
  62  4:38  Drone  
  62  4:41  Extractor, Drone x2  
  62  4:42  Drone  
  62  4:44  Overlord  
  65  4:46  Drone  
  65  4:48  Drone  
  65  4:49  Drone x2  
  71  4:52  Roach  
  71  4:57  Roach  
  72  5:01  Queen  
  72  5:03  Roach  
  76  5:10  Roach x2  
  76  5:11  Overlord  
  80  5:14  Overlord  
  80  5:19  Overlord  
  80  5:21  Roach  
  81  5:25  Overlord  
  85  5:31  Overlord  
  85  5:33  Drone  
  85  5:34  Drone x3  
  84  5:39  Spire  
  83  5:43  Drone x2  
  83  5:44  Drone  
  83  5:48  Drone x2  
  88  5:50  Overlord  
  88  5:53  Ravager  
  88  5:54  Roach  
  88  5:56  Roach  
  93  5:59  Drone x2  
  93  6:01  Extractor, Drone  
  93  6:02  Drone  
  96  6:06  Overlord  
  96  6:07  Drone  
  96  6:08  Drone  
  96  6:09  Drone  
  96  6:11  Drone  
  95  6:12  Drone  
  95  6:14  Extractor, Drone  
  95  6:15  Drone  
  95  6:17  Drone  
  98  6:22  Drone x2  
  100  6:27  Overlord  
  100  6:35  Drone, Evolution Chamber  
  100  6:42  Overlord  
  100  6:50  Hatchery  
  100  6:52  Mutalisk x7  
  113  6:59  Zerg Flyer Weapons Level 1  
  113  7:04  Zerg Missile Weapons Level 1  
  113  7:07  Baneling Nest  
  112  7:12  Glial Reconstitution, Overlord  
  112  7:15  Roach x7  
  127  7:18  Roach x2  
  127  7:21  Roach x2  
  135  7:23  Roach  
  135  7:26  Roach x2  
  141  7:31  Baneling Nest  
  141  7:32  Roach x2  
  141  7:35  Roach  
  141  7:36  Roach  
  148  7:40  Overlord  
  148  7:44  Roach x3  
  154  7:53  Overlord  
  154  7:58  Roach x7  
  168  8:01  Roach x2  
  168  8:04  Roach  
  168  8:05  Roach  
  176  8:08  Overlord  
  176  8:10  Overlord  
  176  8:15  Centrifical Hooks  
  176  8:20  Roach  
  176  8:21  Roach  
  176  8:24  Roach x2  
  184  8:30  Zergling x12  
  184  8:31  Zergling x8  
  184  8:33  Zergling x2  
  195  8:35  Zergling x4  
  195  8:36  Zergling x2  
  195  8:37  Zergling x2  
  199  8:42  Zergling x2  
  200  9:10  Baneling  
  200  9:11  Baneling x27  
  196  9:32  Roach x4  
  196  9:37  Roach x4  
  197  9:44  Roach x11  
  196  9:46  Overseer  
  196  9:49  Overlord  
  196  9:51  Roach x2  
  200  10:00  Overseer  

Tags
 
Add a new tag
Caveats
  • Supply blocks, unpowered buildings, or Contaminate may cause inaccurate times.
  • Supply counts are checked every 10 seconds.